 Dungeon Crawl Stone Soup version 0.21-a0-531-gacddea6 (webtiles) character file.

3899 KeeTraxx the Martial Artist (level 10, -1/62 HPs)
             Began as an Octopode Transmuter on Dec 13, 2017.
             Was a Believer of Wu Jian.
             Shot with a sling bullet by Joseph (17 damage)
             ... on level 8 of the Dungeon.
             The game lasted 00:27:06 (9177 turns).

KeeTraxx the Martial Artist (Octopode Transmuter)   Turns: 9177, Time: 00:27:06

Health: -1/62      AC:  5    Str: 10    XL:     10   Next: 20%
Magic:  17/20      EV: 22    Int: 19    God:    Wu Jian [**....]
Gold:   426        SH:  0    Dex: 17    Spells: 12/22 levels left

rFire    . . .     SeeInvis .     - Unarmed
rCold    . . .     Gourm    .   (shield currently unavailable)
rNeg     . . .     Faith    .   (helmet currently unavailable)
rPois    x         Spirit   .   (no amulet)
rElec    .         Reflect  .   j - +3 ring of protection
rCorr    .         Harm     .   y - ring of flight
MR       .....                  G - +3 ring of evasion
Stlth    ++........             (no ring)
HPRegen  0.20/turn              (no ring)
MPRegen  0.17/turn              (no ring)
                                (no ring)
                                (no ring)

@: spider-form, very slightly contaminated
A: tiny, almost no armour, stealthy swim, (amphibious), 8 rings, (constrict 8)
a: End Transformation, Renounce Religion, Evoke Flight


You were on level 8 of the Dungeon.
You worshipped Wu Jian.
Wu Jian was pleased with you.
You were not hungry.
You were a venomous arachnid creature.
You visited 2 branches of the dungeon, and saw 9 of its levels.

You collected 426 gold pieces.

Inventory:

Hand Weapons
 b - a +1 hunting sling (melded)
Missiles
 a - 237 arrows
 h - 230 stones (quivered)
 p - 2 javelins
 r - 35 sling bullets
 A - 2 throwing nets
Armour
 i - a +2 hat (melded)
Jewellery
 j - a +3 ring of protection (left front leg)
 y - a ring of flight (right front leg)
 G - a +3 ring of evasion (on tentacle)
 J - a cursed ring of teleportation {unknown}
Wands
 t - a wand of clouds (1)
 u - a wand of digging (17)
 v - a wand of scattershot (5)
 x - a wand of polymorph (7)
 B - a wand of acid (10)
 C - a wand of flame (26)
Scrolls
 d - 4 scrolls of teleportation
 m - 6 scrolls of remove curse
 n - 2 scrolls of amnesia
 o - 9 scrolls of identify {unknown}
 w - a scroll of magic mapping
 H - a scroll of summoning {unknown}
 I - a scroll of enchant armour
 L - a scroll of fear {unknown}
Potions
 e - 3 potions of agility {unknown}
 f - 2 potions of might
 g - 5 potions of heal wounds {unknown}
 k - 9 potions of curing
 q - a potion of mutation {unknown}
 s - a potion of degeneration {unknown}
 D - a potion of flight {unknown}
 K - a potion of lignification {unknown}
Books
 E - a book of Changes

   Spells                             Type                      Level
   a - Beastly Appendage              Transmutation                1
   b - Sticks to Snakes               Transmutation                2
   c - Spider Form                    Transmutation/Poison         3
   d - Ice Form                       Ice/Transmutation            4
   e - Blade Hands                    Transmutation                5
Comestibles
 c - 8 bread rations
 l - 5 meat rations
 z - 2 royal jellies
 F - 6 chunks of flesh


   Skills:
 + Level 2.9 Fighting
 - Level 2.0 Dodging
 + Level 9.8 Unarmed Combat
 + Level 6.7 Spellcasting
 + Level 6.7 Transmutations
 - Level 4.0 Ice Magic
 - Level 2.0 Poison Magic


You had 12 spell levels left.
You knew the following spells:

 Your Spells              Type           Power        Failure   Level  Hunger
a - Beastly Appendage     Tmut           ####..       4%          1    None
b - Sticks to Snakes      Tmut           ####....     5%          2    None
c - Spider Form           Tmut/Pois      ###.......   16%         3    ##.....
d - Ice Form              Ice/Tmut       ####....     26%         4    ####...


Dungeon Overview and Level Annotations

Branches:
Dungeon (8/15)             Temple (1/1) D:6
   Lair: D:8-11

Altars:
Ashenzari
Dithmenos
Elyvilon
Fedhas
Gozag
Kikubaaqudgha
Makhleb
Nemelex Xobeh
Okawaru
Qazlal
Sif Muna
Trog
Uskayaw
Vehumet
Wu Jian
Xom
Yredelemnul
Zin
The Shining One

Annotations:
D:8 Joseph


Innate Abilities, Weirdness & Mutations

You cannot wear most types of armour.
You are very stealthy in the water. (Stealth+)
((You are amphibious.))
You can wear up to eight rings at the same time.
((You can use your tentacles to constrict eight enemies at once.))
((Your skin changes colour to match your surroundings (Stealth+).))
((Your rubbery body absorbs attacks. (AC +1, EV +1)))


Message History

Joseph completely misses you.
You hit Joseph.
Joseph looks as sick as possible!
Joseph is moderately wounded.
You bite Joseph!
Joseph looks as sick as possible!
Joseph is moderately wounded.
Joseph completely misses you.
You hit Joseph.
Joseph looks as sick as possible!
Joseph is heavily wounded.
Joseph hits you with an uncursed quarterstaff!
* * * LOW HITPOINT WARNING * * *
Unknown command.
It was a potion of curing.
You feel better.
Joseph hits you with an uncursed quarterstaff.
* * * LOW HITPOINT WARNING * * *
You bite Joseph!
Joseph looks as sick as possible!
Joseph is heavily wounded.
Joseph unwields an uncursed quarterstaff.
Joseph wields an uncursed hunting sling.
Joseph shoots a sling bullet.
The sling bullet hits you!
You die...

....... ....... ....... ##
....... .. ....(.# #.
#######+#+### ......# #.
#...........##.(....########.
#........>.)s)@..............
#...........##......## #)
#...........# ......#.# #.
#...........# ......#.######.
#...........# (...........##.
#...........+ ...............
#...........# .....##..##.#..
#...........# ##+####........
#...........# #.# #..##....


You could see Joseph.

Vanquished Creatures
  Grinder (D:4)
  A hippogriff (D:7)
  A hungry ghost (D:8)
  A water moccasin (D:8)
  2 black bears
  2 ice beasts
  An orc warrior (D:8)
  4 ogres
  6 centaurs
  A crocodile (D:8)
  5 bullfrogs
  2 scorpions
  9 killer bees (D:7)
  4 crimson imps
  A jelly (D:6)
  An orc priest (D:7)
  A centaur skeleton (D:4)
  8 hounds
  An iguana (D:6)
  8 orc wizards
  6 worker ants
  2 hound zombies
  A worker ant zombie (D:5)
  12 adders
  A howler monkey skeleton (D:7)
  A shadow imp (D:7)
  2 oozes
  An adder zombie (D:6)
  An adder skeleton (D:4)
  6 worms
  2 dart slugs
  4 leopard geckos
  28 orcs
  8 giant cockroaches
  6 hobgoblins
  16 jackals
  4 quokkas
  A ball python (D:1)
  10 bats
  3 frilled lizards
  4 goblins
  11 kobolds
  2 leopard gecko zombies (D:8)
  5 rats
197 creatures vanquished.

Vanquished Creatures (collateral kills)
  A frilled lizard (D:4)
1 creature vanquished.

Grand Total: 198 creatures vanquished

Notes
Turn   | Place    | Note
-------+----------+-------------------------------------------
     0 | D:1      | KeeTraxx the Octopode Transmuter began the quest for the Orb.
     0 | D:1      | Reached XP level 1. HP: 13/13 MP: 3/3
   342 | D:1      | Reached XP level 2. HP: 17/18 MP: 3/5
   678 | D:1      | Reached XP level 3. HP: 13/23 MP: 4/6
  1430 | D:2      | Found a stormy altar of Qazlal.
  1446 | D:2      | Reached skill level 4 in Unarmed Combat
  1459 | D:2      | Learned a level 2 spell: Sticks to Snakes
  1704 | D:2      | Reached XP level 4. HP: 28/28 MP: 6/8
  2128 | D:2      | Learned a level 3 spell: Spider Form
  2697 | D:3      | Reached skill level 1 in Poison Magic
  2806 | D:3      | Reached XP level 5. HP: 28/33 MP: 7/9
  2870 | D:3      | Found a glowing golden altar of the Shining One.
  3341 | D:3      | Reached XP level 6. HP: 28/38 MP: 8/10
  3438 | D:3      | Learned a level 4 spell: Ice Form
  3455 | D:3      | Found an opulent altar of Gozag.
  3456 | D:3      | Found a sparkling altar of Nemelex Xobeh.
  3528 | D:4      | Noticed Grinder
  3606 | D:4      | Reached skill level 5 in Unarmed Combat
  3684 | D:4      | Killed Grinder
  3684 | D:4      | Reached skill level 1 in Ice Magic
  3684 | D:4      | Reached XP level 7. HP: 39/43 MP: 12/12
  4010 | D:4      | Noticed a two-headed ogre
  4688 | D:5      | Entered Level 5 of the Dungeon
  4850 | D:5      | Reached XP level 8. HP: 48/48 MP: 12/14
  4851 | D:5      | Found an iron altar of Okawaru.
  4996 | D:5      | Reached skill level 6 in Unarmed Combat
  5032 | D:5      | Found a bloodstained altar of Trog.
  5950 | D:6      | Reached skill level 5 in Spellcasting
  5986 | D:6      | Found a staircase to the Ecumenical Temple.
  5998 | Temple   | Entered the Ecumenical Temple
  6110 | D:6      | Reached skill level 5 in Transmutations
  6214 | D:6      | Reached skill level 7 in Unarmed Combat
  6246 | D:6      | Found an ornate altar of the Wu Jian Council.
  6310 | D:6      | Found a burning altar of Makhleb.
  6358 | D:6      | Became a worshipper of the Wu Jian Council
  7200 | D:7      | Reached XP level 9. HP: 50/54 MP: 10/17
  7462 | D:7      | Found a shadowy altar of Dithmenos.
  7746 | D:7      | Reached skill level 8 in Unarmed Combat
  8058 | D:7      | Reached * piety under Wu Jian
  8423 | D:8      | Found an opulent altar of Gozag.
  8507 | D:8      | Reached skill level 9 in Unarmed Combat
  8705 | D:8      | Reached XP level 10. HP: 61/61 MP: 14/19
  9160 | D:8      | Noticed Joseph
  9166 | D:8      | Reached ** piety under Wu Jian
  9177 | D:8      | Shot with a sling bullet by Joseph

Vault maps used:
D:1:      minmay_arrival_checkered_box
D:2:      old_standard_altar
D:3:      grunt_temple_overflow_opulence, tso_metal_star, first_bread
D:4:      minmay_divided_ellipse, uniq_grinder
D:5:      lightli_temple_of_fire, marbit_many_paths
D:6:      old_standard_altar, bloody_makhleb, minmay_temple_entry_large_hall,
          grunt_decor_mini_mirrors
D:7:      lemuel_round_altar, grunt_ogre_cave
D:8:      grunt_gozag_breadcrumbs, uniq_joseph
Temple:   eino_temple_lava

Skill      XL: |  1  2  3  4  5  6  7  8  9 |
---------------+----------------------------+-----
Unarmed Combat | 4 5 7 9 |  9.8
Spellcasting   | 3 4 5 6 |  6.7
Poison Magic   | 1 2 |  2.0
Transmutations | 3 4 5 6 |  6.7
Ice Magic      | 1 2 3 4 |  4.0
Fighting       | 2 |  2.9
Dodging        | |  2.0

Action                   |  1- 3 |  4- 6 |  7- 9 | 10-12 || total
-------------------------+-------+-------+-------+-------++-------
Melee: Unarmed           |    81 |   122 |   302 |    62 ||   567
       Constrict         |    26 |    28 |    39 |       ||    93
       Tentacles         |    12 |    18 |    28 |       ||    58
       Punch             |     2 |     2 |     6 |       ||    10
       Kick              |    19 |    23 |    40 |       ||    82
 Fire: Hunting sling     |       |       |     7 |    13 ||    20
Throw: Stone             |     2 |     6 |       |       ||     8
 Cast: Beastly Appendage |    18 |    23 |    35 |       ||    76
       Sticks to Snakes  |       |     3 |     7 |       ||    10
       Spider Form       |       |     1 |    20 |     4 ||    25
       Ice Form          |       |       |     5 |       ||     5
Evoke: Wand              |       |     1 |     1 |       ||     2
  Use: Scroll            |       |     2 |     7 |       ||     9
       Potion            |       |       |       |     1 ||     1
 Stab: Sleeping          |     5 |     1 |     6 |       ||    12
  Eat: Chunk             |     3 |     6 |    17 |     4 ||    30
       Royal jelly       |       |       |     1 |       ||     1
Armor: Skin              |    12 |    20 |    45 |     9 ||    86
Dodge: Dodged            |    46 |    71 |   233 |    40 ||   390

Table legend:
 A = Spawn XP
 B = Non-spawn XP
 C = Spawn XP percentage of total XP
 D = Spawn monster count
 E = Non-spawn monster count
 F = Spawn count percentage of total count
 G = Total turns spent on level
                    A         B        C        D         E        F      G
               +---------+---------+-------+---------+---------+-------+---------
         Total |       0 |    5570 |   0.0 |       0 |     198 |   0.0 |  9177
               +---------+---------+-------+---------+---------+-------+---------
           D:1 |       0 |      45 |   0.0 |       0 |      26 |   0.0 |  1224
           D:2 |       0 |      92 |   0.0 |       0 |      18 |   0.0 |  1421
           D:3 |       0 |     245 |   0.0 |       0 |      32 |   0.0 |  1220
           D:4 |       0 |     812 |   0.0 |       0 |      24 |   0.0 |   823
           D:5 |       0 |     119 |   0.0 |       0 |       8 |   0.0 |   827
           D:6 |       0 |     890 |   0.0 |       0 |      28 |   0.0 |  1505
           D:7 |       0 |    2017 |   0.0 |       0 |      34 |   0.0 |  1274
           D:8 |       0 |    1350 |   0.0 |       0 |      28 |   0.0 |   805
               +---------+---------+-------+---------+---------+-------+---------
